 Dungeon Crawl Stone Soup version 0.20.1-1-g8b1a95d (webtiles) character file.

72 KINGKRU the Skirmisher (level 4, 0/41 HPs)
             Began as a Hill Orc Wanderer on Nov 7, 2017.
             Slain by a gnoll
             ... wielding a +0 spear
              (7 damage)
             ... on level 1 of the Dungeon.
             The game lasted 00:10:33 (2516 turns).

KINGKRU the Skirmisher (Hill Orc Wanderer)          Turns: 2516, Time: 00:10:34

Health: 0/41       AC:  2    Str: 18    XL:     4   Next: 25%
Magic:  7/7        EV: 11    Int: 12    God:
Gold:   99         SH:  0    Dex:  7    Spells: 5/7 levels left

rFire    . . .     SeeInvis .   a - +2 mace
rCold    . . .     Gourm    .   (no shield)
rNeg     . . .     Faith    .   d - +0 robe
rPois    .         Spirit   .   (no helmet)
rElec    .         Reflect  .   (no cloak)
rCorr    .         Harm     .   (no gloves)
MR       .....                  (no boots)
Stlth    +.........             (no amulet)
Regen    0.2/turn               (no ring)
MPRegen  0.1/turn               (no ring)

@: no status effects
A: no striking features
a: no special abilities


You were on level 1 of the Dungeon.
You were not hungry.

You visited 1 branch of the dungeon, and saw 2 of its levels.

You collected 99 gold pieces.

Inventory:

Hand Weapons
 a - a +2 mace (weapon)
 h - a +2 spear of venom
 j - a +3 short sword of flaming
Armour
 d - a +0 robe (worn)
Jewellery
 m - an uncursed ring of poison resistance {unknown}
Scrolls
 l - a scroll of remove curse
Potions
 e - a potion of mutation
 g - a potion of lignification
Books
 b - the Grimoire of the Volcanoes

   Spells                             Type                      Level
   a - Flame Tongue                   Conjuration/Fire             1
   b - Conjure Flame                  Conjuration/Fire             3
 c - Sif Muna's Almanac of Changing

   Spells                             Type                      Level
   a - Beastly Appendage              Transmutation                1
   b - Ignite Poison                  Fire/Transmutation/Poison    3
Comestibles
 i - 2 meat rations
 k - 9 fruits


   Skills:
 + Level 4.6 Fighting
 + Level 2.9 Maces & Flails
 + Level 0.1 Dodging
 + Level 1.0 Stealth
   Level 1.1 Shields
 + Level 2.1 Spellcasting
 + Level 0.4 Conjurations
 + Level 1.0 Transmutations
 + Level 0.7 Fire Magic


You had 5 spell levels left.
You knew the following spells:

 Your Spells              Type           Power        Failure   Level  Hunger
a - Flame Tongue          Conj/Fire      #....        22%         1    ##.....
b - Beastly Appendage     Tmut           #.....       19%         1    ##.....


Dungeon Overview and Level Annotations

Branches:
Dungeon (2/15)

Altars:


Message History

You eat the bread ration.
That bread ration really hit the spot!
You start resting.
HP restored.
Done exploring.
There is a stone staircase leading down here.
You climb downwards.
The gnoll hits you with a spear! x2
The gnoll hits you with a flail. The gnoll hits you with a spear.
The gnoll hits you with a spear!
* * * LOW HITPOINT WARNING * * *
There is a stone staircase leading up, spattered with blood here.
The gnoll hits you with a flail.
* * * LOW HITPOINT WARNING * * *
The gnoll hits you with a spear.
* * * LOW HITPOINT WARNING * * *
The gnoll closely misses you.
You climb upwards.
There is a stone staircase leading down here.
The gnoll closely misses you.
The gnoll hits you from afar with a spear!
You die...

#................
#.############### #.# #.# #####
#.# #...# ###.###########...#
#.............'...)
######'#.###########...#
#....g.@.###########...#
#.....>g...........รท)..# #######
#....g...#########.....#
......#########'#.#########)...##
..............#...##.........#.#
..............#...##.........#.#
..............#..............#.##
..............#.####.........#..#
..............#'##........(.(##.#


You could see 3 gnolls.

Vanquished Creatures
  A gnoll (D:1)
  An adder (D:2)
  2 oozes (D:1)
  2 dart slugs (D:1)
  A leopard gecko (D:1)
  2 bats (D:1)
  A giant cockroach (D:2)
  A goblin (D:1)
  6 hobgoblins (D:1)
  4 jackals (D:1)
  4 frilled lizards (D:1)
  10 kobolds
  8 rats
43 creatures vanquished.

Notes
Turn   | Place    | Note
-------+----------+-------------------------------------------
     0 | D:1      | KINGKRU the Hill Orc Wanderer began the quest for the Orb.
     0 | D:1      | KINGKRU set off with: a +2 mace, the Grimoire of the Volcanoes, Sif Muna's Almanac of Changing, a +0 robe, a bread ration
     0 | D:1      | Reached XP level 1. HP: 19/19 MP: 3/3
     0 | D:1      | Identified the Grimoire of the Volcanoes
    11 | D:1      | Learned a level 1 spell: Flame Tongue
   114 | D:1      | Reached skill level 4 in Fighting
   114 | D:1      | Reached XP level 2. HP: 23/27 MP: 4/4
   679 | D:1      | Reached XP level 3. HP: 26/34 MP: 0/5
  1688 | D:1      | Reached XP level 4. HP: 34/41 MP: 0/7
  1752 | D:1      | Identified Sif Muna's Almanac of Changing
  1754 | D:1      | Learned a level 1 spell: Beastly Appendage
  2516 | D:1      | Slain by a gnoll

Skill      XL: |  1  2  3 |
---------------+----------+-----
Fighting       | 4 |  4.6
Spellcasting   | 2 |  2.1
Maces & Flails | |  2.9
Dodging        | |  0.1
Stealth        | |  1.0
Shields        | |  1.1
Conjurations   | |  0.4
Transmutations | |  1.0
Fire Magic     | |  0.7

Action                   |  1- 3 |  4- 6 || total
-------------------------+-------+-------++-------
Melee: Mace              |    64 |    22 ||    86
       Headbutt          |       |     3 ||     3
       Kick              |       |     1 ||     1
 Cast: Flame Tongue      |    21 |     1 ||    22
       Beastly Appendage |       |     6 ||     6
  Use: Scroll            |     3 |       ||     3
       Potion            |     2 |       ||     2
  Eat: Bread ration      |     1 |     1 ||     2
Armor: Robe              |     7 |     4 ||    11
       Skin              |     5 |       ||     5
Dodge: Dodged            |    46 |    18 ||    64
